 Dungeon Crawl Stone Soup version 0.16-a0-2010-g98bc240 (webtiles) character file.

8530 timbw the Summoner (level 11, 0/68 HPs)
             Began as a Human Summoner on Nov 9, 2014.
             Was a High Priest of Sif Muna.
             Slain by an orange rat (3 damage)
             ... on level 4 of the Lair of Beasts.
             The game lasted 00:51:57 (7283 turns).

timbw the Summoner (Human Summoner)                 Turns: 7283, Time: 00:51:57

Health: 0/68       AC: 10    Str:  8    XL:     11   Next: 57%
Magic:  11/29      EV: 10    Int: 19    God:    Sif Muna [*****.]
Gold:   313        SH:  0    Dex: 14    Spells: 5 memorised, 16 levels left

rFire  . . .     SeeInvis .     V - +3 eveningstar
rCold  + + .     Clarity  .     n - +1 leather armour
rNeg   + . .     SustAb   .     (no shield)
rPois  .         Gourm    .     F - +0 helmet
rElec  .         Spirit   .     D - +2 cloak
rCorr  .         Warding  .     O - +0 pair of gloves
rMut   +         Stasis   .     g - +0 pair of boots
MR     .....                    p - amulet of resist mutation
Stlth  ++........               R - ring of protection from cold
                                w - ring of Egomania {rC+ rN+}

@: drained, not resistant to hostile enchantments, unstealthy
A: no striking features
a: Channel Energy, Forget Spell, Renounce Religion


You were on level 4 of the Lair of Beasts.
You worshipped Sif Muna.
Sif Muna was extremely pleased with you.
You were not hungry.

You visited 3 branches of the dungeon, and saw 15 of its levels.
You also visited: Ossuary and Ice Cave.

You collected 540 gold pieces.
You spent 227 gold pieces at shops.

Inventory:

Hand weapons
 V - a +3 eveningstar (weapon)
Armour
 f - a +0 shield of cold resistance
 g - a +0 pair of boots (worn)
 n - a +1 leather armour (worn)
 D - a +2 cloak (worn)
 F - a +0 helmet (worn)
 O - a +0 pair of gloves (worn)
Magical staves
 v - a cursed staff of earth
Jewellery
 i - a cursed ring of protection from fire
 p - an amulet of resist mutation (around neck)
 w - the ring of Egomania (left hand) {rC+ rN+}
   (You found it on level 6 of the Dungeon)

   [ring of positive energy]

   It protects you from cold.
   It protects you from negative energy.
 x - a +3 ring of evasion
 y - an uncursed ring of sustain abilities
 Q - an uncursed ring of fire
 R - a ring of protection from cold (right hand)
 S - an uncursed amulet of stasis
 U - the ring of Kheel {Str+5 Dex+4}
   (You found it on level 1 of the Lair of Beasts)

   [ring of dexterity]

   It affects your strength (+5).
   It affects your dexterity (+4).
 Z - an uncursed ring of ice
Magical devices
 d - a wand of cold (0)
 r - a wand of polymorph (8)
 t - a wand of cold (13)
 u - a wand of flame (16)
 C - a wand of fireball (0)
 J - a wand of lightning (3)
 W - a wand of paralysis (12)
Scrolls
 e - 3 scrolls of amnesia
 G - a scroll of enchant armour
 H - 2 scrolls of teleportation
 T - a scroll of recharging
 Y - a scroll of remove curse
Potions
 a - a potion of heal wounds {unknown}
 h - 2 potions of brilliance
 l - a potion of magic
 m - 3 potions of flight
 o - 2 potions of restore abilities
 q - 2 potions of haste
 s - a potion of agility
 z - a potion of poison {unknown}
 A - a potion of mutation {unknown}
 B - 4 potions of curing {unknown}
 E - 2 potions of degeneration {unknown}
 K - a potion of beneficial mutation {unknown}
 M - 2 potions of resistance {unknown}
 N - a potion of invisibility {unknown}
 P - a potion of might {unknown}
Books
 b - a book of Callings

   Spells                             Type                      Level
   *Summon Small Mammal               Summoning                    1
   *Call Imp                          Summoning                    2
   *Call Canine Familiar              Summoning                    3
   Summon Guardian Golem              Hexes/Summoning              4
   *Summon Lightning Spire            Summoning/Air                4
   *Summon Ice Beast                  Ice/Summoning                4
 k - a book of Clouds

   Spells                             Type                      Level
   Mephitic Cloud                     Conjuration/Poison/Air       3
   Conjure Flame                      Conjuration/Fire             3
   Poisonous Cloud                    Conjuration/Poison/Air       6
   Freezing Cloud                     Conjuration/Ice/Air          6
   Ring of Flames                     Charms/Fire                  7
Miscellaneous
 I - a box of beasts
Comestibles
 c - 2 bread rations
 j - 8 meat rations
 L - a slice of pizza
 X - a royal jelly


   Skills:
 - Level 2.0(1.6) Dodging
 - Level 2.0(1.6) Stealth
 + Level 10.3(9.8) Spellcasting
 + Level 11.7(11.2) Summonings
 + Level 8.0(7.7) Invocations


You had 16 spell levels left.
You knew the following spells:

 Your Spells              Type           Power        Failure   Level  Hunger
a - Summon Small Mammal   Summ           ####         1%          1    None
b - Call Imp              Summ           ######..     1%          2    None
c - Call Canine Familiar  Summ           ######..     1%          3    None
d - Summon Lightning Spi  Summ/Air       ####....     10%         4    ###....
e - Summon Ice Beast      Ice/Summ       ####....     10%         4    ###....


Dungeon Overview and Level Annotations

Branches:
Dungeon (10/15)            Temple (1/1) D:5            Lair (4/8) D:9
  Swamp (0/5) Lair:4
  Snake: Lair:3-6    Spider: Lair:3-6       Orc: D:9-12

Altars:
Ashenzari
Dithmenos
Elyvilon
Fedhas
Gozag
Kikubaaqudgha
Okawaru
Qazlal
Sif Muna
Vehumet

Shops:
D:4 =   D:5 *   D:6 *   D:8 *   D:10 :

Annotations:
D:4 timbw's ghost, average HuSu
D:5 Pikel
D:7 Dowan


Message History

Your ice beast hits the orange rat but does no damage.
Your ice beast hits the orange rat.
Your ice beast freezes the orange rat!
The orange rat bites your ice beast!! The orange rat bites you!
The orange rat bites you!
* * * LOW HITPOINT WARNING * * *
You partially resist.
You feel drained.
* * * LOW HITPOINT WARNING * * *
Something stings your ice beast!!
Your ice beast dies!
The orange rat bites your ice beast!
Your ice beast dies!
The orange rat bites your lightning spire but does no damage.
Your lightning spire shoots out a bolt of lightning at the orange rat!
The bolt of electricity hits the orange rat.
The orange rat dies!
The bolt of electricity hits the spiny frog. x2
The orange rat bites you!
* * * LOW HITPOINT WARNING * * *
You partially resist.
You feel drained.
You die...

##..............*,,
#.#..............,,
*#................,
#.................
#.................
#.................
#................#
#......####..P#***
##@...#####)†.##**
#.rr.#####.....#.#*
##....##.....(...#,
###...##.....#....(
#P....>F...#####...
*#....8....## *,...
*#....#P#..#.#
***#,
#...#####....# *,
#..#,* *.#..## **


You could see a spiny frog, 2 orange rats and a friendly lightning spire.

Vanquished Creatures
  A polar bear (IceCv)
  A wolf (IceCv)
  An orc warrior (D:7)
  An orc priest (D:7)
  An iguana (Lair:3)
  An orc wizard (D:8)
  2 adders
  An orc (D:7)
  A giant cockroach (D:2)
  A kobold (D:2)
  A bat (D:7)
  A giant newt (D:2)
  A goblin (D:3)
  A quokka zombie (Ossuary)
  3 rats
  A rat zombie (Ossuary)
19 creatures vanquished.

Vanquished Creatures (collateral kills)
  Maud (Lair:3)
  Fannar (Lair:3)
  Psyche (D:8)
  7 spiny frogs
  9 polar bears
  A two-headed ogre (D:8)
  4 blink frogs (Lair:4)
  A spriggan (D:8)
  16 yaks
  A basilisk (D:9)
  2 hippogriffs
  A wyvern (Lair:4)
  A hungry ghost (D:7)
  6 wolves (IceCv)
  A water moccasin (Lair:3)
  3 sky beasts
  5 porcupines
  A slave (D:6)
  6 ice beasts
  2 phantoms
  4 ogres
  Sigmund (D:4)
  10 crocodiles
  3 centaurs
  6 giant frogs
  A wyvern zombie (D:8)
  5 insubstantial wisps (Lair:4)
  5 killer bees (D:10)
  A yak skeleton (D:9)
  A crimson imp (D:9)
  2 goliath beetles
  3 hounds
  2 centaur zombies (Ossuary)
  A centaur skeleton (D:9)
  A giant frog skeleton (D:6)
  An elf skeleton (D:8)
  4 orc wizards
  5 orc priests
  2 human zombies (Ossuary)
  6 worker ants
  An orange rat (Lair:4)
  4 iguanas
  A crocodile zombie (D:5)
  8 sheep (Lair:4)
  2 hound zombies (Ossuary)
  4 mummies
  A worker ant zombie (D:5)
  6 adders
  11 green rats
  7 gnolls
  An orc skeleton (D:8)
  A giant mite (D:9)
  A shadow imp (D:8)
  3 worms
  An iguana zombie (D:5)
  2 orc zombies
  4 adder zombies
  A giant gecko (D:4)
  28 orcs
  A ball python (D:3)
  5 bats
  4 giant cockroaches
  2 hobgoblins
  6 kobolds
  3 quokkas
  A giant newt (D:1)
  A gnoll zombie (Ossuary)
  3 goblins
  4 goblin zombies (Ossuary)
  5 hobgoblin zombies (Ossuary)
  5 kobold zombies (Ossuary)
  3 quokka zombies (Ossuary)
  4 rats
  2 rat zombies (Ossuary)
  A butterfly (IceCv)
  A plant (Lair:3)
272 creatures vanquished.

Vanquished Creatures (others)
  17 wolves
  49 ice beasts
  23 crimson imps
  28 hounds
  An iron imp (D:8)
  12 lightning spires
  8 shadow imps
  11 white imps
  2 bats
  5 quokkas
  4 rats
  A bush (D:9)
  2 plants (D:9)
163 creatures vanquished.

Grand Total: 454 creatures vanquished

Notes
Turn   | Place    | Note
--------------------------------------------------------------
     0 | D:1      | timbw, the Human Summoner, began the quest for the Orb.
     0 | D:1      | Reached XP level 1. HP: 13/13 MP: 3/3
   186 | D:2      | Reached XP level 2. HP: 17/19 MP: 2/4
   190 | D:2      | Learned a level 2 spell: Call Imp
   354 | D:3      | Found an opulent altar of Gozag.
   444 | D:3      | Reached XP level 3. HP: 24/24 MP: 3/6
   465 | D:3      | Learned a level 3 spell: Call Canine Familiar
   741 | D:4      | Found Pogenonwoxoa's Jewellery Shop.
   892 | D:4      | Reached XP level 4. HP: 12/30 MP: 1/8
   912 | D:4      | Reached skill level 5 in Summonings
   945 | D:4      | Noticed timbw's ghost (average HuSu)
  1060 | D:4      | Found an iron altar of Okawaru.
  1081 | D:5      | Entered Level 5 of the Dungeon
  1096 | D:5      | Reached XP level 5. HP: 9/35 MP: 4/11
  1105 | D:5      | Learned a level 4 spell: Summon Lightning Spire
  1137 | D:5      | Noticed an ogre
  1161 | D:5      | Killed an ogre
  1230 | D:5      | Noticed a sky beast
  1232 | D:5      | Found a staircase to the Ecumenical Temple.
  1240 | D:4      | Noticed Sigmund
  1286 | D:5      | Killed a sky beast
  1286 | D:5      | Reached XP level 6. HP: 28/41 MP: 1/14
  1308 | D:5      | Noticed an ice beast
  1568 | D:5      | Killed an ice beast
  1594 | Temple   | Entered the Ecumenical Temple
  1626 | Temple   | Became a worshipper of Sif Muna the Loreminder
  1694 | D:5      | Found Braam's General Store.
  1735 | D:5      | Noticed a slave
  1735 | D:5      | Noticed Pikel
  1735 | D:5      | Noticed a slave
  1735 | D:5      | Noticed a slave
  1735 | D:5      | Noticed a slave
  1784 | D:5      | Noticed an ice beast
  1834 | D:6      | Killed a slave
  1950 | D:6      | Reached skill level 6 in Summonings
  2008 | D:6      | Noticed an ice beast
  2058 | D:7      | Found a radiant altar of Vehumet.
  2067 | D:7      | Reached XP level 7. HP: 38/46 MP: 10/17
  2072 | D:7      | Found a stormy altar of Qazlal.
  2087 | D:7      | Noticed a hungry ghost
  2108 | D:7      | Killed a hungry ghost
  2124 | D:7      | Noticed an orc warrior
  2152 | D:7      | Found a stormy altar of Qazlal.
  2183 | D:7      | Killed an orc warrior
  2183 | D:7      | Reached skill level 5 in Spellcasting
  2201 | D:7      | Acquired Sif Muna's first power
  2410 | D:7      | Learned a level 4 spell: Summon Ice Beast
  2460 | D:7      | Noticed Dowan
  2463 | D:7      | Reached skill level 7 in Summonings
  2581 | D:6      | Got a slimy silver ring
  2583 | D:6      | Identified the ring of Egomania {rC+ rN+} (You found it on level 6 of the Dungeon)
  2665 | D:6      | Reached XP level 8. HP: 35/52 MP: 14/20
  2748 | D:6      | Found Qethippa's Assorted Antiques.
  2858 | D:4      | Bought an uncursed ring of sustain abilities for 227 gold pieces
  2922 | D:4      | Killed Sigmund
  3016 | D:5      | Killed an ice beast
  3160 | D:8      | Acquired Sif Muna's second power
  3454 | D:8      | Reached skill level 8 in Summonings
  3567 | D:8      | Found Kloc's General Store.
  3607 | D:8      | Noticed a two-headed ogre
  3615 | D:8      | Killed a two-headed ogre
  3652 | D:8      | Noticed a spriggan baker
  3668 | D:8      | Killed a spriggan baker
  3668 | D:8      | Reached XP level 9. HP: 40/57 MP: 9/24
  3715 | D:8      | Found a blossoming altar of Fedhas.
  3716 | D:8      | Found an ancient bone altar of Kikubaaqudgha.
  3729 | D:8      | Noticed Psyche
  3734 | D:8      | Killed Psyche
  3769 | D:8      | Found a sand-covered staircase.
  3786 | Ossuary  | Entered an ossuary
  3987 | Ossuary  | Reached skill level 9 in Summonings
  4291 | D:9      | Reached skill level 1 in Invocations
  4380 | D:9      | Found a staircase to the Lair.
  4401 | D:9      | Reached XP level 10. HP: 34/63 MP: 5/26
  4408 | D:9      | Acquired Sif Muna's third power
  4463 | D:9      | Reached skill level 10 in Summonings
  4652 | D:9      | Found a shattered altar of Ashenzari.
  4675 | D:10     | Entered Level 10 of the Dungeon
  4986 | D:10     | Found Byquxt's Book Boutique.
  5261 | Lair:1   | Entered Level 1 of the Lair of Beasts
  5285 | Lair:1   | Reached skill level 5 in Invocations
  5306 | Lair:1   | Noticed a spiny frog
  5312 | Lair:1   | Killed a spiny frog
  5367 | Lair:1   | Got a pitted lead ring
  5369 | Lair:1   | Identified the ring of Kheel {Str+5 Dex+4} (You found it on level 1 of the Lair of Beasts)
  5564 | Lair:3   | Noticed Maud
  5609 | Lair:3   | Killed Maud
  5741 | Lair:3   | Noticed a spiny frog
  5750 | Lair:3   | Killed a spiny frog
  5796 | Lair:3   | Noticed a spiny frog
  5796 | Lair:3   | Noticed a spiny frog
  5805 | Lair:3   | Killed a spiny frog
  5811 | Lair:3   | Killed a spiny frog
  5975 | Lair:3   | Noticed Fannar
  6032 | Lair:3   | Killed Fannar
  6032 | Lair:3   | Reached skill level 11 in Summonings
  6032 | Lair:3   | Reached XP level 11. HP: 31/68 MP: 7/29
  6166 | Lair:4   | Found a staircase to the Swamp.
  6286 | Lair:4   | Found a frozen archway.
  6318 | IceCv    | Entered an ice cave
  6381 | IceCv    | Reached skill level 10 in Spellcasting
  6458 | IceCv    | Noticed an ice statue
  6849 | IceCv    | Noticed hackum's ghost (experienced DrFi)
  7283 | Lair:4   | HP: 3/68 [orange rat (17)]
  7283 | Lair:4   | Slain by an orange rat

Action                   |  1- 3 |  4- 6 |  7- 9 | 10-12 || total
-------------------------+-------+-------+-------+-------++-------
Melee: Short sword       |    19 |     4 |    63 |     6 ||    92
       Unarmed           |     4 |       |       |       ||     4
       Whip              |     2 |     3 |       |       ||     5
       Staff             |       |       |     1 |       ||     1
       Eveningstar       |       |       |       |    20 ||    20
 Cast: Summon Small Mamm |    10 |     5 |    10 |       ||    25
       Call Imp          |    10 |    29 |    45 |    10 ||    94
       Call Canine Famil |     4 |    22 |    38 |    31 ||    95
       Summon Ice Beast  |       |       |    41 |   123 ||   164
       Summon Lightning  |       |       |     7 |    23 ||    30
Invok: Channel Energy    |       |       |    86 |   160 ||   246
Evoke: Wand              |       |     1 |     2 |     3 ||     6
  Use: Scroll            |     6 |     5 |     6 |     4 ||    21
       Potion            |       |       |       |     2 ||     2
 Stab: Sleeping          |     1 |       |       |       ||     1
       Distracted        |     1 |       |     2 |     1 ||     4
  Eat: Chunk             |     2 |     5 |    14 |    24 ||    45
       Pizza             |       |     1 |       |       ||     1
       Meat ration       |       |       |     1 |       ||     1
       Bread ration      |       |       |     2 |     5 ||     7
       Beef jerky        |       |       |       |     1 ||     1
